 Dungeon Crawl Stone Soup version 0.29.1-12-g30fa7ad0bf (webtiles) character file.

Game seed: 8457550176241840714

28 112233 the Ducker (level 2, 0/14 HPs)
             Began as a Felid Fighter on Dec 23, 2022.
             Slain by an adder (1 damage)
             ... on level 2 of the Dungeon.
             The game lasted 00:00:51 (1657 turns).

112233 the Ducker (Felid Fighter)                   Turns: 1657, Time: 00:00:52

Health: 0/14       AC:  1    Str: 11 (12) XL:     2   Next: 96%
Magic:  3/3        EV: 18    Int:  7 (9)  God:
Gold:   84         SH:  0    Dex: 14 (15) Spells: 1/1 levels left
                                        Lives:  0   Deaths: 0

rFire   . . .      SeeInvis +     - Unarmed
rCold   . . .      Faith    .   (shield unavailable)
rNeg    . . .      Spirit   .   (body armour unavailable)
rPois   .          Reflect  .   (helmet unavailable)
rElec   .          Harm     .   (cloak unavailable)
rCorr   .          Rampage  .   (gloves unavailable)
Will    .....                   (boots unavailable)
Stlth   +.........              (no amulet)
HPRegen 0.04/turn               (no ring)
MPRegen 0.08/turn               (no ring)

@: brilliant, lethally poisoned (0 -> -4), quick
A: very small, claws 1, fangs 3, see invisible, speed 1, shaggy fur 1, stealthy
paws, no weapons or thrown items, no armour, multi-lived
a: no special abilities


You were on level 2 of the Dungeon.
You visited 1 branch of the dungeon, and saw 2 of its levels.

You collected 84 gold pieces.

Inventory:

Jewellery
 b - a +4 ring of evasion
Scrolls
 c - 2 scrolls of identify {unknown}
Potions
 a - a potion of might
 g - a potion of ambrosia {unknown}
 h - a potion of attraction {unknown}


   Skills:
 + Level 3.4 Fighting
 + Level 4.5 Dodging
 + Level 4.3 Unarmed Combat


You had one spell level left.
You didn't know any spells.
Your spell library contained the following spells:

 Spells                   Type           Power      Damage    Failure   Level
 Tukima's Dance           Hex            0%         N/A       80%         3
 Blade Hands              Tmut           0%         N/A       100%        5
 Portal Projectile        Hex/Tloc       Unusable   N/A       N/A         3

Dungeon Overview and Level Annotations

Branches:
Dungeon (2/15)

Altars:

Shops:
D:1 !


Innate Abilities, Weirdness & Mutations

You have sharp claws.
You have razor-sharp teeth.
You have supernaturally acute eyesight. (SInv)
You cover ground quickly. (Speed+)
You are covered in fur. (AC +1)
Your paws help you pounce on unaware monsters.
You are incapable of wielding weapons or throwing items.
You cannot wear armour.
You gain extra lives every three experience levels.


Message History

An adder is nearby!
An adder is nearby!
You closely miss the adder. The adder completely misses you.
You closely miss the adder. The adder barely misses you.
The adder closely misses you.
You completely miss the adder. The adder bites you.
You closely miss the adder. Your bite misses the adder.
The adder barely misses you.
You scratch the adder.
The adder is lightly wounded.
The adder misses you.
You closely miss the adder.
The adder is lightly wounded.
The adder bites you.
You barely miss the adder. Your bite misses the adder.
The adder is lightly wounded.
The adder barely misses you.
Unknown command.
You scratch the adder but do no damage.
The adder is lightly wounded.
The adder bites you. x2
You are poisoned.
The adder poisons you!
You barely miss the adder. Your bite misses the adder.
The adder is lightly wounded.
You feel sick. The adder misses you.
It was a potion of degeneration.
There was something very wrong with that liquid.
You feel weakened.
You feel dopey.
You feel clumsy.
You feel sick. The adder bites you.
It was a potion of magic.
Magic courses through your body.
You feel sick. The adder bites you.
* * * LOW HITPOINT WARNING * * *
You are lethally poisoned!
The adder poisons you!
It was a potion of brilliance.
You feel clever all of a sudden.
* * * LOW HITPOINT WARNING * * *
You feel sick. The adder barely misses you. The adder bites you.
You die...

##.#.#
.#.#..###..†.......#
..... .....##
##.........# ....[
#..##..###..........#
##.#. #.
#.#.#.###.###.#.# #.
#.#...###.###.#.### #
#[.<#...........####
.##.#...#.#.###.#.......
..............#.#...####
#####S@#.#..........#
........#.#...#.#...##
..####.##.##.##.....# #.
#.#.........# #.
#.#..###....### #.
#.#...........# #.
#.............#
##..###...........#
...............####


You could see an adder.

Vanquished Creatures
  A worm (D:2)
  3 dart slugs (D:1)
  2 endoplasms (D:1)
  3 hobgoblins
  2 quokkas (D:1)
  3 ball pythons
  2 bats
  A kobold (D:1)
  A rat (D:1)
18 creatures vanquished.

Notes
Turn   | Place    | Note
-------+----------+-------------------------------------------
     0 | D:1      | 112233 the Felid Fighter began the quest for the Orb.
     0 | D:1      | Reached XP level 1. HP: 10/10 MP: 2/2
   353 | D:1      | Reached XP level 2. HP: 8/14 MP: 3/3
   746 | D:1      | Found Gadenips's Distillery.
   902 | D:1      | Found a faded altar of an unknown god.
  1657 | D:2      | Slain by an adder

Illustrated notes

Levels and vault maps discovered:
D:1:      psy_arrival_whirlpool, layout_basic, serial_shops,
          nicolae_lakefront_shop, shapermc_ecumenical_altar_mp_vishouse,
          minmay_tripent
D:2:      layout_loops_ring, kennysheep_generic_room_3

Action                   || total
-------------------------++-------
Melee: Unarmed           ||    60
       Bite              ||     5
       Punch             ||     3
  Use: Potion            ||     3
 Stab: Sleeping          ||     2
Armor: Skin              ||     3
Dodge: Dodged            ||    46
